 Dungeon Crawl Stone Soup version 0.17.1-3-g152610e (webtiles) character file.

397740 magipi the Impregnable (level 22, -2/307 HPs)
             Began as a Minotaur Berserker on Jan 2, 2016.
             Was a High Priest of Trog.
             Slain by an orc warlord
             ... wielding a +3 great sword of electrocution
              (20 damage)
             ... on level 8 of a ziggurat on Apr 8, 2016.
             The game lasted 05:49:31 (47166 turns).

magipi the Impregnable (Minotaur Berserker)        Turns: 47166, Time: 05:49:32

Health: -2/307     AC: 35    Str: 37    XL:     22   Next: 22%
Magic:  10/10      EV: 21    Int:  7    God:    Trog [*****.]
Gold:   747        SH:  0    Dex: 15    Spells: 0 memorised, 21 levels left

rFire  + . .     SeeInvis +     a - +9 great mace (antimagic)
rCold  + + .     Rnd*Rage +     T - +1 plate armour of an ossuary {rPois rF+ Regen+ Str+5}
rNeg   . . .     SustAt   .     (shield currently unavailable)
rPois  +         Gourm    .     k - +2 hat
rElec  .         Spirit   .     D - +2 cloak {rC+}
rCorr  +         Warding  .     O - +2 pair of gloves {Str+3}
rMut   .         Stasis   .     y - +2 pair of boots {run}
MR     +....                    g - amulet of resist corrosion
Stlth  ..........               c - ring of protection from cold
                                i - ring of see invisible

@: berserking, studying Armour, very quick, somewhat resistant to hostile
enchantments, extremely unstealthy
A: retaliatory headbutt, horns 2, berserk 1, sense surroundings 1
a: Berserk, Trog's Hand, Brothers in Arms, Burn Spellbooks, Renounce Religion
}: 2/15 runes: decaying, gossamer


You were on level 8 of a ziggurat.
You worshipped Trog.
Trog was extremely pleased with you.
You were completely stuffed.

You visited 8 branches of the dungeon, and saw 45 of its levels.
You visited 1 bazaar.
You visited 1 ziggurat, and saw 8 of its levels.
You also visited: Ice Cave.

You collected 5376 gold pieces.
You spent 4629 gold pieces at shops.

Inventory:

Hand Weapons
 a - a +9 antimagic great mace (weapon)
 b - a +7 blowgun
Missiles
 C - 3 throwing nets
 K - 12 javelins of penetration
 U - 22 poisoned javelins (quivered)
Armour
 k - a +2 hat (worn)
 y - a +2 pair of boots of running (worn)
 D - a +2 cloak of cold resistance (worn)
 O - a +2 pair of gloves of strength (worn)
 T - the +1 plate armour of an ossuary (worn) {rPois rF+ Regen+ Str+5}
   (You found it on level 3 of the Vaults)

   It affects your strength (+5).
   It protects you from fire.
   It protects you from poison.
   It increases your rate of regeneration.
Rods
 Z - a +3 rod of shadows (12/12)
   (You found it on level 7 of a ziggurat)
Jewellery
 c - a ring of protection from cold (right hand)
 e - the ring "Vosisup" {Fire rElec Int-3 Dex+6 SInv}
   (You found it on level 3 of a ziggurat)

   [ring of fire]

   It enhances your fire magic, and weakens your ice magic.
   It affects your intelligence (-3).
   It affects your dexterity (+6).
   It protects you from fire.
   It makes you vulnerable to cold.
   It insulates you from electricity.
   It lets you see invisible.
 f - an uncursed ring of protection from fire
 g - an amulet of resist corrosion (around neck)
 i - a ring of see invisible (left hand)
 r - an uncursed amulet of regeneration
 s - an uncursed amulet of clarity
 t - an uncursed ring of teleportation
Wands
 h - a wand of draining (8)
 n - a wand of hasting (6)
 q - a wand of disintegration (3)
 x - a wand of teleportation (5)
 H - a wand of polymorph (7)
 J - a wand of cold (3)
 L - a wand of confusion (17)
 W - a wand of disintegration (6)
Scrolls
 j - 9 scrolls of recharging
 m - 6 scrolls of fog
 u - 6 scrolls of magic mapping
 B - a scroll of teleportation
 F - 4 scrolls of blinking
 G - a scroll of silence
 M - 3 scrolls of fear
 R - a scroll of summoning
 V - 9 scrolls of identify
 Y - 23 scrolls of remove curse
Potions
 d - 11 potions of curing
 l - 7 potions of heal wounds
 o - 2 potions of resistance
 v - 7 potions of flight
 z - 5 potions of might
 A - 6 potions of cancellation
 I - 4 potions of haste
 N - 8 potions of agility
 P - 5 potions of invisibility
 Q - a potion of experience
Books
 p - a book of the Dragon

   Spells                             Type                      Level
   a - Flame Tongue                   Conjuration/Fire             1
   b - Cause Fear                     Hexes                        4
   c - Bolt of Fire                   Conjuration/Fire             6
   d - Dragon Form                    Transmutation                7
   e - Dragon's Call                  Summoning                    9
   Trog disapproves of the use of such an item.
 E - a manual of Armour
Miscellaneous
 w - a lamp of fire
 X - a phial of floods
Comestibles
 S - 8 bread rations


   Skills:
 - Level 19.0 Fighting
 - Level 20.9 Maces & Flails
 - Level 11.7 Throwing
 + Level 22.4 Armour
 + Level 19.1 Dodging
 + Level 15.8 Evocations


You had 21 spell levels left.
You didn't know any spells.

Dungeon Overview and Level Annotations

Branches:
Dungeon (15/15)            Temple (0/1) D:6            Lair (8/8) D:9
  Swamp (4/4) Lair:3       Spider (4/4) Lair:5        Slime (0/6) Lair:8
    Orc (4/4) D:10            Elf (3/3) Orc:3        Vaults (4/5) D:13
  Crypt (0/3) Vaults:3     Depths (3/5) D:15

Altars:
Ashenzari
Cheibriados
Fedhas
Nemelex Xobeh
Okawaru
Qazlal
Ru
Sif Muna
Trog
Vehumet
Xom
Yredelemnul
Zin
Beogh

Shops:
D:5 :([%   Orc:2 *   Orc:4 (([=   Elf:1 :   Elf:3 [   Vaults:3 *:?
Vaults:4 [*[[   Depths:2 (

Portals:
Hell: Depths:1 Depths:2
Abyss: Depths:3
Pandemonium: Depths:1
Trove: D:13 (give 2 scrolls of acquirement)

Annotations:
Lair:5 exclusion: oklob plant
Swamp:1 Frances
Swamp:4 exclusion: Roxanne, Lernaean hydra, Roxanne


Innate Abilities, Weirdness & Mutations

You reflexively headbutt those who attack you in melee.
You have a pair of horns on your head.
You tend to lose your temper in combat.
You passively map a small area around you.


Message History

The orc warlord barely misses you. The orc warrior completely misses you.
You furiously retaliate!
You headbutt the orc warrior!
Unknown command.
You hit the orc warlord.
You headbutt the orc warlord, but do no damage.
The orc warlord is moderately wounded.
The orc warrior misses you. The ogre closely misses you.
Unknown command.
You sock the orc warlord!
The orc warlord is heavily wounded.
The ogre closely misses you. You furiously retaliate!
You headbutt the ogre!
The orc warlord hits you with a war axe of freezing!
The orc warlord freezes you.
The orc warlord hits you with a great sword of electrocution!!
You are electrocuted!
The ogre hits you but does no damage. The orc warrior barely misses you.
You furiously retaliate!
You headbutt the orc warrior! You closely miss the orc warrior.
Your headbutt misses the orc warrior.
The orc warrior is lightly wounded.
The orc warrior hits you but does no damage.
The orc high priest utters an invocation to Beogh.
Unknown command.
You pound the ogre like an anvil!!!
You feel the power of Trog in you as your rage grows.
You kill the ogre!
Trog accepts your kill.
The orc warlord hits you but does no damage.
The ogre closely misses you. You furiously retaliate!
You headbutt the ogre. The orc warlord completely misses you.
The orc warrior hits you but does no damage.
You bludgeon the ogre!!
You kill the ogre!
Trog accepts your kill. The orc warrior completely misses you.
You furiously retaliate!
You headbutt the orc warrior!
Unknown command.
You bludgeon the orc!!
You kill the orc!
Trog accepts your kill.
The orc warlord hits you with a war axe of freezing!!
* * * LOW HITPOINT WARNING * * *
The orc warlord freezes you.
* * * LOW HITPOINT WARNING * * *
The ogre barely misses you. You furiously retaliate!
You headbutt the ogre!
You kill the ogre!
Trog accepts your kill. The orc warrior misses you.
The moth of wrath goads the warg on!
The warg goes berserk!
The orc warlord hits you with a great sword of electrocution!!
* * * LOW HITPOINT WARNING * * *
You are electrocuted!
* * * LOW HITPOINT WARNING * * *
You thump the orc warlord!
The orc warlord is heavily wounded.
The orc warrior barely misses you. The orc warlord misses you.
You furiously retaliate!
You headbutt the orc warlord!
The orc warrior hits you with a short sword!
* * * LOW HITPOINT WARNING * * *
Unknown command.
You pound the orc warlord like an anvil!!!
Your headbutt misses the orc warlord.
The orc warlord is severely wounded.
The orc warlord closely misses you. The orc completely misses you.
Unknown command.
You pound the orc warlord like an anvil!!!
You kill the orc warlord!
Trog accepts your kill. The orc warrior closely misses you.
You furiously retaliate!
You headbutt the orc warrior!!
You kill the orc warrior!
Trog accepts your kill. The orc warrior completely misses you.
Unknown command.
You flatten the moth of wrath like a pancake!!!
You kill the moth of wrath!
Trog accepts your kill. The warg completely misses you.
You furiously retaliate!
You headbutt the warg! The orc warlord misses you.
The orc warrior closely misses you. You furiously retaliate!
You headbutt the orc warrior!
Unknown command.
Press: ? - help, v - describe, . - travel
Here: an orc warlord, wielding a great sword of electrocution and wearing a plate armour (lightly wounded, berserk, fast, unusually strong)
The floor, spattered with blood.
Unknown command.
You crush the orc warlord like a grape!!!
The orc warlord is heavily wounded.
The warg closely misses you. The orc hits you but does no damage.
The orc barely misses you. You furiously retaliate!
You headbutt the orc!!
You kill the orc!
Trog accepts your kill.
Unknown command.
You bludgeon the orc warlord!! You headbutt the orc warlord!!
The orc warlord is severely wounded.
The warg bites you.
* * * LOW HITPOINT WARNING * * *
The warg completely misses you. You furiously retaliate!
You headbutt the warg!
The orc warlord hits you with a great sword of electrocution!
* * * LOW HITPOINT WARNING * * *
You are electrocuted!
You die...

▓▓▓▓▓▓▓▓▓▓▓
▓▓.........▓▓
▓...........▓▓
).....T4.....▓▓
?....3oo).....▓▓
|....o3@.....∩.▓
*
?.....hoh.....▓▓
.............▓▓
▓...........▓▓
▓▓.........▓▓
▓▓▓▓▓▓▓▓▓▓▓


You could see an orc warlord (berserk), an iron troll (berserk), an ice devil,
an orc high priest, a sun demon, a rust devil, 2 wargs, an orc warrior (berserk)
and an orc.

Vanquished Creatures
  An ancient lich (Zig:5)
  2 golden dragons
  Xtahua (Vaults:2)
  4 liches
  A deep elf blademaster (Elf:3)
  A deep elf master archer (Elf:3)
  An octopode crusher (Depths:2)
  Gastronok (D:8)
  3 storm dragons
  A sphinx (Vaults:4)
  2 tengu reavers (Vaults:4)
  An ancient champion (Zig:5)
  3 azure jellies (Zig:7)
  3 fire giants
  7 frost giants
  2 orc warlords
  11 vault wardens
  3 ghost moths (Spider:4)
  A greater naga (Zig:4)
  13 deep elf sorcerers
  Aizul (Depths:3)
  Louise (D:14)
  7 emperor scorpions
  A reaper (Zig:2)
  7 very ugly things
  The ghost of Goblin1989 the Unseen, an adept SpEn of Gozag (Spider:1)
  9 ironheart preservers
  13 stone giants
  A lorocyproca (Depths:1)
  5 deep elf demonologists (Elf:3)
  6 deep elf annihilators
  The ghost of bollicks1999 the Nimble, a journeyman DrBe of Trog (D:15)
  A merfolk javelineer (Depths:2)
  Snorg (D:14)
  2 merfolk impalers (Depths:2)
  4 deep elf death magi (Elf:3)
  3 blizzard demons
  An eidolon (Vaults:3)
  7 ettins
  11 vault guards
  6 yaktaur captains
  3 deep elf high priests (Elf:3)
  Josephine (Lair:5)
  4 fire dragons
  8 entropy weavers
  10 great orbs of eyes
  3 rakshasas
  A naga warrior (Zig:1)
  6 ice dragons
  19 hydras
  A catoblepas (D:13)
  Erolcha (D:8)
  6 centaur warriors
  Erica (D:8)
  A spriggan air mage (Depths:2)
  A ghost crab (Swamp:4)
  An anaconda (shapeshifter) (Vaults:4)
  17 ogre magi
  7 deep troll shamans
  2 dancing weapons (D:13)
  2 vampire magi
  3 deep troll earth magi
  The ghost of Anouleth the Fencer, a novice MiBe of Trog (D:10)
  5 alligators
  4 tengu warriors
  15 death yaks
  A naga sharpshooter (Zig:4)
  Urug (Lair:1)
  14 deep elf knights
  2 orc high priests (Elf:3)
  3 spriggan berserkers
  A shock serpent (Zig:1)
  A fire crab (shapeshifter) (Elf:1)
  5 ice devils
  5 skeletal warriors (Vaults:2)
  6 hell knights (Depths:2)
  2 shadow demons (Elf:3)
  A fire crab (Vaults:3)
  2 wizards (Depths:2)
  A flayed ghost (Zig:5)
  A naga ritualist (Zig:4)
  16 swamp dragons
  An unseen horror (shapeshifter) (Vaults:3)
  2 unseen horrors
  17 deep trolls
  11 deep elf summoners
  4 hill giants
  8 orc knights
  A shambling mangrove (Zig:6)
  14 deep elf conjurers
  Pikel (D:5)
  The ghost of Yermak the Fighter, a novice FoWn of Cheibriados (D:5)
  16 orb spiders
  8 ironbrand convokers
  3 necromancers
  A phantasmal warrior (Vaults:3)
  A wolf spider (shapeshifter) (Vaults:3)
  9 harpies
  4 griffons
  7 orc sorcerers
  A salamander (shapeshifter) (D:14)
  18 wolf spiders
  43 ugly things
  5 hornets
  A cyclops (shapeshifter) (Depths:1)
  A naga mage (Zig:4)
  A manticore (D:15)
  4 cyclopes
  4 moths of wrath
  4 black mambas
  2 ice statues
  15 vault sentinels
  2 gargoyles
  A torpor snail (Spider:1)
  5 elephants (Lair:6)
  An elephant (shapeshifter) (Vaults:2)
  A yaktaur zombie (Vaults:2)
  A spiny frog (shapeshifter) (Elf:2)
  3 centaur skeletons
  A guardian serpent (Zig:4)
  2 centaur zombies
  10 komodo dragons
  2 fire drakes (Lair:2)
  16 spiny frogs
  A yaktaur (shapeshifter) (Depths:2)
  A golden dragon simulacrum (IceCv)
  8 demonic crawlers
  19 deep elf priests
  A hellion (Zig:2)
  22 jumping spiders
  A spriggan druid (Lair:8)
  A hellwing (Depths:1)
  3 kobold demonologists
  43 yaktaurs
  A blue devil (Depths:1)
  A tengu conjurer (Depths:2)
  An anaconda simulacrum (IceCv)
  7 trolls
  11 freezing wraiths
  7 giant leeches
  A troll (shapeshifter) (Depths:3)
  4 polar bears
  36 two-headed ogres
  2 human simulacra
  46 slime creatures
  13 blink frogs
  5 bog bodies
  3 boulder beetles
  2 hornet zombies
  4 water elementals (Depths:2)
  50 redbacks
  9 spriggans
  2 air elementals
  6 wraiths
  A trapdoor spider (shapeshifter) (Vaults:2)
  An ettin skeleton (Vaults:2)
  17 trapdoor spiders
  18 tarantellas
  A redback (shapeshifter) (Depths:2)
  A basilisk (Lair:8)
  A vampire (Vaults:3)
  A hog (shapeshifter) (Vaults:1)
  A dire elephant simulacrum (IceCv)
  2 steam dragons
  3 shadows
  24 deep elf fighters
  A ynoxinul (Depths:1)
  A wolf (shapeshifter) (D:13)
  A neqoxec (Zig:3)
  29 yaks
  17 hippogriffs
  41 deep elf magi
  A death yak simulacrum (IceCv)
  4 mottled dragons
  A hippogriff (shapeshifter) (Vaults:3)
  12 water moccasins
  12 insubstantial wisps
  7 harpy simulacra (IceCv)
  A hungry ghost (D:15)
  20 vampire mosquitoes
  13 swamp worms
  A naga (Zig:4)
  A soldier ant (shapeshifter) (Vaults:1)
  3 wargs
  34 wolves
  2 hydra simulacra (IceCv)
  A hell hound (Zig:2)
  3 slaves (D:5)
  10 swamp drakes
  2 ice beasts
  An ettin simulacrum (IceCv)
  29 orc warriors
  9 sky beasts
  A black bear (shapeshifter) (Depths:1)
  79 ogres
  18 spiders
  10 wasps
  11 porcupines
  18 centaurs
  A boggart (shapeshifter) (Elf:3)
  7 black bears
  3 eyes of draining
  8 boggarts
  3 phantoms
  2 brain worms
  6 crocodiles
  5 big kobolds
  Blork the orc (D:6)
  A big kobold (shapeshifter) (Vaults:4)
  5 gnoll sergeants (D:10)
  2 small abominations (Zig:3)
  16 giant frogs
  A wyvern skeleton (D:12)
  6 scorpions
  10 killer bees
  2 electric eels
  2 giant frog zombies
  4 crimson imps
  4 hounds
  5 jellies
  2 quasits
  2 giant frog skeletons
  25 orc priests
  36 orc wizards
  Terence (D:3)
  6 iguanas
  Natasha (thrice) (D:3 D:6)
  8 draconian simulacra (IceCv)
  8 worker ants
  A lightning spire (Zig:6)
  5 troll simulacra (IceCv)
  A wolf simulacrum (IceCv)
  A polar bear simulacrum (IceCv)
  A killer bee zombie (D:8)
  9 sheep
  A spriggan simulacrum (IceCv)
  2 hound skeletons
  2 worker ant zombies
  16 gnolls
  2 ogre simulacra (IceCv)
  15 adders
  2 naga simulacra (IceCv)
  37 river rats
  15 white imps
  2 shadow imps
  5 ufetubi (IceCv)
  An adder skeleton (D:8)
  2 adder zombies (D:5)
  4 worms
  4 giant geckos
  141 orcs
  2 ball pythons
  7 goblins
  6 hobgoblins
  13 kobolds
  6 bats
  5 giant cockroaches
  8 giant newts
  13 jackals
  5 quokkas
  9 rats
  A crawling corpse (Vaults:4)
  A fire vortex (Vaults:2)
  A plant (Lair:8)
1896 creatures vanquished.

Vanquished Creatures (collateral kills)
  Sojobo (Vaults:4)
  A revenant (Zig:5)
  A deep elf sorcerer (Vaults:4)
  A vault warden (Vaults:3)
  2 deep elf death magi (Vaults:4)
  A deep elf summoner (Vaults:4)
  2 ugly things
  A hill giant (D:12)
  A phantasmal warrior (Zig:5)
  A large abomination (Zig:3)
  A vampire (D:14)
  A neqoxec (Zig:3)
  2 hydra simulacra (IceCv)
  A killer bee (D:12)
  A crawling corpse (Vaults:4)
18 creatures vanquished.

Vanquished Creatures (others)
  An eldritch tentacle (Depths:1)
  A salamander stormcaller (Vaults:2)
  An ogre mage (Vaults:2)
  A deep elf mage (Elf:2)
  A slave (D:5)
  An orc warrior (Vaults:2)
  2 boggarts (Vaults:2)
  An orc priest (D:5)
  An orc wizard (D:5)
  An adder (D:5)
  3 white imps (IceCv)
  An ufetubus (IceCv)
  4 orcs (D:5)
  40 eldritch tentacle segments (Depths:1)
  5 fungi
  8 plants
72 creatures vanquished.

Grand Total: 1986 creatures vanquished

Notes
Turn   | Place    | Note
--------------------------------------------------------------
     0 | D:1      | magipi the Minotaur Berserker began the quest for the Orb.
     0 | D:1      | Reached XP level 1. HP: 19/19 MP: 0/0
    55 | D:1      | Reached skill level 4 in Maces & Flails
   345 | D:1      | Reached XP level 2. HP: 26/26 MP: 1/1
   566 | D:1      | Reached skill level 5 in Maces & Flails
   566 | D:1      | Reached XP level 3. HP: 31/31 MP: 2/2
   583 | D:1      | Reached ** piety under Trog
   891 | D:3      | Reached XP level 4. HP: 36/39 MP: 3/3
  1074 | D:2      | Reached skill level 6 in Maces & Flails
  1190 | D:3      | Noticed Natasha
  1201 | D:3      | Killed Natasha
  1270 | D:3      | You fall through a shaft for 3 floors!
  1270 | D:6      | Found a staircase to the Ecumenical Temple.
  1270 | D:6      | Noticed a sky beast
  1275 | D:6      | Killed a sky beast
  1275 | D:6      | Reached skill level 7 in Maces & Flails
  1275 | D:6      | Reached XP level 5. HP: 45/45 MP: 4/4
  1335 | D:6      | Reached *** piety under Trog
  1349 | D:5      | Entered Level 5 of the Dungeon
  1349 | D:5      | Noticed Yermak's ghost (novice FoWn)
  1364 | D:5      | Killed Yermak's ghost
  1364 | D:5      | Reached skill level 10 in Maces & Flails
  1364 | D:5      | Reached XP level 6. HP: 51/51 MP: 5/5
  1364 | D:5      | Reached XP level 7. HP: 57/57 MP: 6/6
  1398 | D:5      | Found Xiw Axergh's Weapon Shop.
  1433 | D:5      | Found Osachat's Armour Shoppe.
  1753 | D:3      | Noticed Terence
  1758 | D:3      | Killed Terence
  2347 | D:5      | Found Zat Pymp's Food Boutique.
  2428 | D:5      | Noticed a centaur
  2441 | D:5      | Killed a centaur
  2441 | D:5      | Reached skill level 11 in Maces & Flails
  2782 | D:5      | Reached XP level 8. HP: 57/66 MP: 7/7
  2802 | D:5      | Noticed a slave
  2818 | D:5      | Killed a slave
  2828 | D:5      | Noticed a slave
  2829 | D:5      | Noticed Pikel
  2829 | D:5      | Noticed a slave
  2834 | D:5      | Noticed a slave
  2844 | D:5      | Killed a slave
  2850 | D:5      | Killed a slave
  2855 | D:5      | Killed Pikel
  2855 | D:5      | Reached skill level 5 in Fighting
  2909 | D:5      | Noticed an ogre
  2915 | D:5      | Killed an ogre
  2915 | D:5      | Reached skill level 5 in Armour
  3049 | D:5      | Found a bloodstained altar of Trog.
  3089 | D:6      | Noticed a sky beast
  3102 | D:6      | Killed a sky beast
  3210 | D:5      | Killed a freed slave
  3212 | D:5      | Found Vibaz's Book Emporium.
  3263 | D:5      | Reached XP level 9. HP: 72/78 MP: 8/8
  3266 | D:5      | Reached **** piety under Trog
  3266 | D:5      | Reached skill level 12 in Maces & Flails
  3462 | D:6      | Noticed Natasha
  3471 | D:6      | Killed Natasha
  3579 | D:6      | Found a sparkling altar of Nemelex Xobeh.
  3827 | D:7      | Found a blossoming altar of Fedhas.
  3852 | D:6      | Noticed Natasha
  3859 | D:6      | Killed Natasha
  3940 | D:6      | Noticed Blork the orc
  3951 | D:6      | Killed Blork the orc
  4660 | D:7      | Found a glowing silver altar of Zin.
  5059 | D:7      | Found a bloodstained altar of Trog.
  5060 | D:7      | Found a basalt altar of Yredelemnul.
  5060 | D:7      | Found a radiant altar of Vehumet.
  5060 | D:7      | Found a shimmering altar of Xom.
  5063 | D:7      | Found an iron altar of Okawaru.
  5066 | D:7      | Found a sacrificial altar of Ru.
  5170 | D:8      | Found a deep blue altar of Sif Muna.
  5209 | D:8      | Noticed Gastronok
  5393 | D:8      | Killed Gastronok
  5393 | D:8      | Reached skill level 10 in Fighting
  5393 | D:8      | Reached skill level 10 in Armour
  5393 | D:8      | Reached XP level 10. HP: 90/94 MP: 9/9
  5444 | D:8      | Got an ancient morningstar
  5448 | D:8      | Identified the +12 morningstar "Saibbu Komm" {drain, *Corrode rPois Int+11 Stlth-} (You found it on level 8 of the Dungeon)
  5739 | D:8      | Noticed Erica
  5756 | D:8      | Killed Erica
  5813 | D:8      | Noticed Erolcha
  5833 | D:8      | Killed Erolcha
  6057 | D:9      | Found a snail-covered altar of Cheibriados.
  6213 | D:9      | Found a shattered altar of Ashenzari.
  6254 | D:10     | Entered Level 10 of the Dungeon
  6294 | D:10     | Noticed Anouleth's ghost (novice MiBe)
  6307 | D:10     | Killed Anouleth's ghost
  6307 | D:10     | Reached skill level 5 in Evocations
  6307 | D:10     | Reached XP level 11. HP: 101/101 MP: 13/13
  6333 | D:10     | Noticed a hill giant
  6344 | D:10     | Killed a hill giant
  6406 | D:9      | Found a staircase to the Lair.
  6546 | D:9      | You fall through a shaft for 3 floors!
  6561 | D:12     | Reached ***** piety under Trog
  6570 | D:12     | Noticed a hill giant
  6577 | D:12     | Killed a hill giant
  6928 | D:10     | Found a staircase to the Orcish Mines.
  7689 | D:11     | Killed an unseen horror
  7863 | D:11     | Reached skill level 10 in Evocations
  8110 | D:12     | Reached XP level 12. HP: 105/107 MP: 18/18
  8116 | D:12     | Noticed a hill giant
  8121 | D:12     | Killed a hill giant
  8509 | D:12     | Reached ****** piety under Trog
  8592 | D:13     | Reached skill level 5 in Dodging
  8710 | D:13     | Reached skill level 13 in Maces & Flails
  8822 | D:13     | Found a gate to the Vaults.
  8889 | D:13     | Received a gift from Trog
  8934 | D:13     | Found a portal to a secret trove of treasure.
  8971 | D:13     | Noticed a six-headed hydra
  8985 | D:13     | Killed a six-headed hydra
  9243 | D:14     | Noticed a four-headed hydra
  9247 | D:14     | Noticed a catoblepas
  9251 | D:13     | Killed a four-headed hydra
  9347 | D:13     | Killed a catoblepas
  9507 | D:14     | Reached skill level 14 in Maces & Flails
  9511 | D:14     | Reached XP level 13. HP: 113/118 MP: 20/20
  9979 | D:14     | Noticed Louise
  9991 | D:14     | Killed Louise
 10018 | D:14     | Noticed a centaur warrior
 10026 | D:14     | Noticed Snorg
 10030 | D:14     | Killed a centaur warrior
 10041 | D:14     | Killed Snorg
 10163 | D:14     | Noticed a six-headed hydra
 10168 | D:14     | Killed a six-headed hydra
 10234 | D:15     | Entered Level 15 of the Dungeon
 10780 | D:15     | Reached skill level 15 in Maces & Flails
 10796 | D:15     | Found a staircase to the Depths.
 10796 | D:15     | Noticed a frost giant
 10802 | D:15     | Killed a frost giant
 11040 | D:15     | Received a gift from Trog
 11192 | D:14     | Reached skill level 10 in Dodging
 11426 | D:5      | Bought a +4 chain mail of fire resistance for 409 gold pieces
 11590 | Lair:1   | Entered Level 1 of the Lair of Beasts
 11695 | Lair:1   | Noticed Urug
 11707 | Lair:1   | Killed Urug
 12078 | Lair:2   | Reached XP level 14. HP: 130/130 MP: 21/21
 12893 | Lair:3   | Received a gift from Trog
 13142 | Lair:3   | Found a staircase to the Swamp.
 13893 | Lair:5   | Noticed Josephine
 13908 | Lair:5   | Killed Josephine
 14067 | Lair:5   | Received a gift from Trog
 14169 | Lair:5   | Found a hole to the Spider Nest.
 14267 | Lair:6   | Reached skill level 16 in Maces & Flails
 14797 | Lair:6   | Reached skill level 15 in Fighting
 15236 | Lair:8   | Entered Level 8 of the Lair of Beasts
 15289 | Lair:8   | Received a gift from Trog
 15304 | Lair:8   | Reached XP level 15. HP: 137/141 MP: 22/22
 15404 | Lair:8   | Found a staircase to the Slime Pits.
 15913 | Lair:8   | Received a gift from Trog
 16658 | Orc:1    | Entered Level 1 of the Orcish Mines
 16708 | Orc:2    | Found Nechidgho's Assorted Antiques.
 16727 | Orc:2    | Bought a scroll of identify for 62 gold pieces
 16727 | Orc:2    | Bought a scroll of identify for 62 gold pieces
 16727 | Orc:2    | Bought a scroll of teleportation for 93 gold pieces
 16727 | Orc:2    | Bought a blackened bone wand for 124 gold pieces
 16727 | Orc:2    | Bought a scroll of magic mapping for 108 gold pieces
 17326 | Orc:4    | Entered Level 4 of the Orcish Mines
 17433 | Orc:4    | Received a gift from Trog
 17666 | Orc:4    | Found a roughly hewn altar of Beogh.
 17873 | Orc:4    | Found a roughly hewn altar of Beogh.
 18063 | Orc:4    | Found a roughly hewn altar of Beogh.
 18075 | Orc:4    | Found Viri's Antique Weapon Boutique.
 18178 | Orc:4    | Found a roughly hewn altar of Beogh.
 18194 | Orc:4    | Found Keoqef's Jewellery Boutique.
 18201 | Orc:4    | Bought a cursed ring of teleportation for 203 gold pieces
 18300 | Orc:4    | Received a gift from Trog
 18430 | Orc:4    | Found Soylit's Antique Weapon Shop.
 18430 | Orc:4    | Found a roughly hewn altar of Beogh.
 18433 | Orc:4    | Found Owujis's Antique Armour Boutique.
 18450 | Orc:4    | Bought a glowing plate armour for 667 gold pieces
 18450 | Orc:4    | Bought a glowing plate armour for 667 gold pieces
 18580 | Orc:3    | Found a staircase to the Elven Halls.
 18882 | Orc:3    | Found a roughly hewn altar of Beogh.
 19115 | Swamp:1  | Entered Level 1 of the Swamp
 19144 | Swamp:1  | Reached skill level 17 in Maces & Flails
 19395 | Swamp:1  | Noticed Frances
 20159 | Swamp:4  | Entered Level 4 of the Swamp
 20249 | Swamp:4  | Noticed Roxanne
 20476 | Swamp:4  | Reached XP level 16. HP: 82/152 MP: 23/23
 20574 | Swamp:4  | Received a gift from Trog
 20793 | Swamp:4  | Noticed the 27-headed Lernaean hydra
 20793 | Swamp:4  | Upgraded the game from 0.17.1-1-g73c8601 to 0.17.1-2-g5865329
 21078 | Swamp:4  | Got a decaying rune of Zot
 21544 | Spider:1 | Entered Level 1 of the Spider Nest
 21655 | Spider:1 | Reached skill level 1 in Throwing
 21712 | Spider:1 | Noticed Goblin1989's ghost (adept SpEn)
 21720 | Spider:1 | Killed Goblin1989's ghost
 22466 | Spider:2 | Received a gift from Trog
 23202 | Spider:2 | Received a gift from Trog
 23571 | Spider:3 | Reached skill level 5 in Throwing
 24323 | Spider:4 | Entered Level 4 of the Spider Nest
 24650 | Spider:4 | Received a gift from Trog
 25427 | Spider:4 | Received a gift from Trog
 25486 | Spider:4 | Reached XP level 17. HP: 125/160 MP: 25/25
 25928 | Spider:4 | Received a gift from Trog
 26230 | Spider:4 | Received a gift from Trog
 26749 | Spider:4 | Got a gossamer rune of Zot
 27116 | Elf:1    | Entered Level 1 of the Elven Halls
 27130 | Orc:3    | Received a gift from Trog
 27459 | Elf:1    | Found a frozen archway.
 27487 | IceCv    | Entered an ice cave
 29935 | Elf:1    | Received a gift from Trog
 30055 | Elf:1    | Received a gift from Trog
 30602 | Elf:1    | Found Wyug's Book Shoppe.
 30863 | Elf:1    | Reached skill level 10 in Throwing
 31360 | Elf:2    | Received a gift from Trog
 31528 | Elf:2    | Reached skill level 18 in Maces & Flails
 31749 | Elf:2    | Gained mutation: You evolve. [potion of beneficial mutation]
 31826 | Elf:3    | Entered Level 3 of the Elven Halls
 31906 | Elf:3    | Received a gift from Trog
 32067 | Elf:3    | Found Keopraeb's Armour Emporium.
 32434 | Elf:3    | Found a deep blue altar of Sif Muna.
 32456 | Elf:3    | Received a gift from Trog
 32456 | Elf:3    | Reached XP level 18. HP: 153/168 MP: 9/27
 32761 | Elf:3    | Reached skill level 19 in Maces & Flails
 33049 | Elf:3    | Gained mutation: You passively map a small area around you. [evolution]
 33170 | Elf:3    | Received a gift from Trog
 33275 | Elf:3    | Received a gift from Trog
 33275 | Elf:3    | Reached skill level 20 in Maces & Flails
 33579 | Elf:3    | Received a gift from Trog
 34038 | Elf:3    | Identified The Handbook of Greatest Risks and Utility
 34073 | Elf:3    | Got a faintly glowing emerald amulet
 34074 | Elf:3    | Identified the amulet "Cuconik" {Inacc rF+ rN+ Stlth+} (You found it on level 3 of the Elven Halls)
 34099 | Elf:3    | Upgraded the game from 0.17.1-2-g5865329 to 0.17.1-3-g152610e
 34428 | Vaults:1 | Entered Level 1 of the Vaults
 34736 | Vaults:1 | Received a gift from Trog
 35086 | Vaults:1 | Received a gift from Trog
 35574 | Vaults:2 | Reached skill level 15 in Armour
 36255 | Vaults:2 | Reached XP level 19. HP: 168/177 MP: 9/28
 36647 | Vaults:2 | Found a stormy altar of Qazlal.
 36792 | Vaults:2 | Received a gift from Trog
 36793 | Vaults:2 | Noticed Xtahua
 36811 | Vaults:2 | Killed Xtahua
 37426 | Vaults:2 | Received a gift from Trog
 37873 | Vaults:2 | Reached skill level 15 in Dodging
 38771 | Orc:4    | Bought a scorched mottled dragon armour for 1305 gold pieces
 38775 | Orc:4    | Identified the +0 mottled dragon armour "Qucatim" {rElec rC+ Str-4 Dex+5} (You bought it in a shop on level 4 of the Orcish Mines)
 39255 | Vaults:3 | Received a gift from Trog
 39269 | Vaults:3 | Got a bloodstained plate armour
 39270 | Vaults:3 | Identified the +1 plate armour of an ossuary {rPois rF+ Regen+ Str+5} (You found it on level 3 of the Vaults)
 39440 | Vaults:3 | Found Garrunuw's Assorted Antiques.
 39555 | Vaults:3 | Found Ureorauk's Book Emporium.
 39560 | Vaults:3 | Found a flickering gateway to a bazaar.
 39578 | Bazaar   | Entered a bazaar
 39582 | Bazaar   | Found Boyhiupu's Weapon Boutique.
 39601 | Bazaar   | Found Yqasusk's Assorted Antiques.
 39619 | Bazaar   | Found Eppoifah's Book Boutique.
 39637 | Bazaar   | Found Qoipp's Antique Armour Emporium.
 39642 | Bazaar   | Bought a pair of embroidered boots for 85 gold pieces
 39653 | Bazaar   | Identified a +2 pair of boots of running (You bought it in a shop in a bazaar)
 39690 | Bazaar   | Bought a long copper wand for 132 gold pieces
 39694 | Bazaar   | Bought a scroll of magic mapping for 115 gold pieces
 39694 | Bazaar   | Bought a scroll of magic mapping for 115 gold pieces
 39724 | Bazaar   | Bought a pearl-studded ring mail for 171 gold pieces
 39724 | Bazaar   | Identified the +1 ring mail of Sovogo {*Corrode +Inv rPois Str+4} (You bought it in a shop in a bazaar)
 39791 | Vaults:3 | Found Nafatwedghun's Magic Scroll Shoppe.
 39794 | Vaults:3 | Bought a scroll of blinking for 127 gold pieces
 39843 | Vaults:3 | Lost mutation: You evolve. [evolution]
 40175 | Vaults:3 | Got a heavily runed lead ring
 40176 | Vaults:3 | Identified the ring of Wureila {Ice *Confuse rN+++} (You found it on level 3 of the Vaults)
 40482 | Vaults:3 | Found a staircase to the Crypt.
 40579 | Vaults:3 | Reached XP level 20. HP: 92/189 MP: 9/29
 40601 | Vaults:3 | Received a gift from Trog
 41342 | Vaults:4 | Noticed Sojobo
 41368 | Vaults:4 | Killed Sojobo
 41381 | Vaults:4 | Found Jeskutug's General Store.
 41381 | Vaults:4 | Found Erisaat's Antique Armour Shop.
 41434 | Vaults:4 | Received a gift from Trog
 41897 | Vaults:4 | Found Hucwahot's Antique Armour Boutique.
 42108 | Vaults:4 | Found a radiant altar of Vehumet.
 42304 | Vaults:4 | Reached skill level 15 in Evocations
 42348 | Vaults:4 | Received a gift from Trog
 42505 | Vaults:4 | Found Umnaezeb's Armour Shop.
 42538 | Vaults:4 | Bought a pair of glowing gloves for 184 gold pieces
 43071 | D:15     | Noticed bollicks1999's ghost (journeyman DrBe)
 43082 | D:15     | Killed bollicks1999's ghost
 43216 | Depths:1 | Entered Level 1 of the Depths
 43256 | Depths:1 | Found a runed door.
 43262 | Depths:1 | Noticed a golden dragon
 43492 | Depths:1 | Killed a golden dragon
 43531 | Depths:1 | Reached XP level 21. HP: 183/198 MP: 10/31
 43726 | Depths:1 | Found a stormy altar of Qazlal.
 43796 | Depths:1 | Received a gift from Trog
 43864 | Depths:1 | Found a gateway to Hell.
 44273 | Depths:1 | Found a one-way gate leading to the halls of Pandemonium.
 44904 | Depths:2 | Received a gift from Trog
 45393 | Depths:2 | Found Nixorgh's Antique Weapon Shop.
 45588 | Depths:2 | Identified a +0 rod of the swarm (13/13) (You found it on level 2 of the Depths)
 45678 | Depths:3 | Received a gift from Trog
 45778 | Depths:3 | Found a one-way gate to the infinite horrors of the Abyss.
 45835 | Depths:3 | Reached skill level 21 in Armour
 46414 | Depths:3 | Noticed Aizul
 46442 | Depths:3 | Killed Aizul
 46446 | Depths:3 | Found a gateway to a ziggurat.
 46492 | Zig:1    | Entered Level 1 of a ziggurat
 46556 | Zig:2    | Entered Level 2 of a ziggurat
 46610 | Zig:3    | Entered Level 3 of a ziggurat
 46615 | Zig:3    | Gained mutation: You tend to lose your temper in combat. [a neqoxec]
 46630 | Zig:3    | Got a coiled steel ring
 46631 | Zig:3    | Identified the ring "Vosisup" {Fire rElec Int-3 Dex+6 SInv} (You found it on level 3 of a ziggurat)
 46636 | Zig:4    | Entered Level 4 of a ziggurat
 46655 | Zig:4    | Reached XP level 22. HP: 205/205 MP: 10/32
 46813 | Zig:5    | Entered Level 5 of a ziggurat
 46817 | Zig:5    | Noticed an ancient lich
 46828 | Zig:5    | Killed an ancient lich
 46828 | Zig:5    | Reached skill level 22 in Armour
 46828 | Zig:5    | Received a gift from Trog
 46963 | Zig:6    | Entered Level 6 of a ziggurat
 47044 | Zig:7    | Entered Level 7 of a ziggurat
 47110 | Zig:7    | Identified a +3 rod of shadows (12/12) (You found it on level 7 of a ziggurat)
 47129 | Zig:8    | Entered Level 8 of a ziggurat
 47166 | Zig:8    | Slain by an orc warlord

Action                   |  1- 3 |  4- 6 |  7- 9 | 10-12 | 13-15 | 16-18 | 19-21 | 22-24 || total
-------------------------+-------+-------+-------+-------+-------+-------+-------+-------++-------
Melee: Mace              |    75 |    58 |   110 |       |       |       |       |       ||   243
       Whip              |       |       |   326 |       |       |       |       |       ||   326
       Morningstar       |       |       |       |   420 |  1248 |   907 |       |       ||  2575
       Great mace        |       |       |       |       |       |   597 |  1638 |    95 ||  2330
 Fire: Blowgun           |       |       |    18 |       |    15 |    94 |    10 |       ||   137
Throw: Javelin           |       |       |       |       |       |     2 |     4 |       ||     6
       Throwing net      |       |       |       |       |       |     2 |       |       ||     2
Invok: Berserk           |     1 |     2 |     7 |     9 |    13 |     7 |     8 |     2 ||    49
       Burn Spellbooks   |       |     1 |       |       |     1 |       |       |       ||     2
       Brothers in Arms  |       |       |       |     2 |     1 |     2 |     4 |     1 ||    10
       Trog's Hand       |       |       |       |     1 |     4 |    20 |    31 |     1 ||    57
Evoke: Wand              |       |       |       |       |    11 |    26 |    22 |       ||    59
  Use: Scroll            |       |       |     9 |    16 |    12 |    21 |    18 |     1 ||    77
       Potion            |       |       |     1 |     2 |     3 |     3 |       |       ||     9
 Stab: Sleeping          |     2 |       |       |       |       |       |       |       ||     2
       Confused          |       |       |       |       |     2 |       |       |       ||     2
       Distracted        |       |       |       |       |       |     1 |       |       ||     1
       Invisible         |       |       |       |       |       |     2 |       |       ||     2
  Eat: Chunk             |     1 |     3 |    18 |    20 |    17 |     5 |     7 |       ||    71
       Royal jelly       |       |       |     1 |       |     1 |     1 |     1 |       ||     4
       Fruit             |       |       |       |     4 |    28 |     6 |     9 |       ||    47
       Beef jerky        |       |       |       |     1 |     2 |     2 |     1 |       ||     6
       Pizza             |       |       |       |       |     2 |     1 |     2 |       ||     5
       Meat ration       |       |       |       |       |     1 |     3 |     3 |     1 ||     8
       Bread ration      |       |       |       |       |       |     7 |     3 |     1 ||    11

Action                   |  1- 3 |  4- 6 |  7- 9 | 10-12 | 13-15 | 16-18 | 19-21 | 22-24 || total
-------------------------+-------+-------+-------+-------+-------+-------+-------+-------++-------
Melee: Mace              |    75 |    58 |   110 |       |       |       |       |       ||   243
       Whip              |       |       |   326 |       |       |       |       |       ||   326
       Morningstar       |       |       |       |   420 |  1248 |   907 |       |       ||  2575
       Great mace        |       |       |       |       |       |   597 |  1638 |    95 ||  2330
 Fire: Blowgun           |       |       |    18 |       |    15 |    94 |    10 |       ||   137
Throw: Javelin           |       |       |       |       |       |     2 |     4 |       ||     6
       Throwing net      |       |       |       |       |       |     2 |       |       ||     2
Invok: Berserk           |     1 |     2 |     7 |     9 |    13 |     7 |     8 |     2 ||    49
       Burn Spellbooks   |       |     1 |       |       |     1 |       |       |       ||     2
       Brothers in Arms  |       |       |       |     2 |     1 |     2 |     4 |     1 ||    10
       Trog's Hand       |       |       |       |     1 |     4 |    20 |    31 |     1 ||    57
Evoke: Wand              |       |       |       |       |    11 |    26 |    22 |       ||    59
  Use: Scroll            |       |       |     9 |    16 |    12 |    21 |    18 |     1 ||    77
       Potion            |       |       |     1 |     2 |     3 |     3 |       |       ||     9
 Stab: Sleeping          |     2 |       |       |       |       |       |       |       ||     2
       Confused          |       |       |       |       |     2 |       |       |       ||     2
       Distracted        |       |       |       |       |       |     1 |       |       ||     1
       Invisible         |       |       |       |       |       |     2 |       |       ||     2
  Eat: Chunk             |     1 |     3 |    18 |    20 |    17 |     5 |     7 |       ||    71
       Royal jelly       |       |       |     1 |       |     1 |     1 |     1 |       ||     4
       Fruit             |       |       |       |     4 |    28 |     6 |     9 |       ||    47
       Beef jerky        |       |       |       |     1 |     2 |     2 |     1 |       ||     6
       Pizza             |       |       |       |       |     2 |     1 |     2 |       ||     5
       Meat ration       |       |       |       |       |     1 |     3 |     3 |     1 ||     8
       Bread ration      |       |       |       |       |       |     7 |     3 |     1 ||    11
